cohdb
Replays
Latest Replays
All Replays
Popular Replays
Top Player Replays
Match Explorer
How It Works
Community
CoH3 Stats
Reddit
Sign in to upload your games and track your stats! →
Sign in with Steam
Match 45878896
Unlisted
Match 45878896
Overview
Messages
Build Orders
End
Construct Barracks
Engineer Squad
1⁄4-ton 4x4 Truck
Selects Armored Battlegroup
Selects Veteran Crews
Riflemen Squad
Riflemen Squad
Riflemen Squad
Air Support Center
Construct Motor Pool
Grasshopper Recon Run
M8 Greyhound Armored Car
Engineer Squad
M1918 Browning Automatic Rifles
Grasshopper Recon Run
M1 Anti-tank Gun Team
P-47 Strafing Run
Riflemen Squad
Grasshopper Recon Run
M1 Mortar Team
P-47 Strafing Run
Grasshopper Recon Run
M1 Anti-tank Gun Team
Selects Strength in Steel
Selects Seek and Destroy
Selects UNKNOWN (2160077)
P-47 Dive Bomb
Grasshopper Recon Run
P-47 Strafing Run
Construct Tank Depot
Construct Tank Depot
Grasshopper Recon Run
Selects M31 Recovery Vehicle
P-47 Strafing Run
Selects War Machine
M4A3E8 Sherman Easy Eight
Grasshopper Recon Run
Riflemen Squad
M1 Anti-tank Gun Team
P-47 Strafing Run
Grasshopper Recon Run
M4A3E8 Sherman Easy Eight
Grasshopper Recon Run
Ghost
aSIIDemolitionHammer
BlueSkidrow™ Legion
Xufe
0
0
Comments
sign in to comment!
No comments posted yet!